 Dungeon Crawl Stone Soup version 0.19-a0-261-g60b6c46 (webtiles) character file.

614 AlphabetPasta the Magician (level 7, -2/48 HPs)
             Began as a Merfolk Air Elementalist on May 26, 2016.
             Killed by their own static electricity (3 damage)
             ... on level 5 of the Dungeon.
             The game lasted 00:32:31 (5994 turns).

AlphabetPasta the Magician (MfAE)                   Turns: 5994, Time: 00:32:36

Health: -2/48      AC:  4    Str:  9    XL:     7   Next: 44%
Magic:  1/13       EV: 16    Int: 16    God:
Gold:   321        SH:  0    Dex: 14    Spells: 4 memorised, 7 levels left

rFire  . . .     SeeInvis .     a - +1 spear
rCold  . . .     Gourm    .     o - +0 robe
rNeg   . . .     Faith    .     (no shield)
rPois  .         Spirit   .     h - +1 helmet
rElec  .         Dismiss  .     (no cloak)
rCorr  .         Reflect  .     (no gloves)
SustAt .         Harm     .     (no boots)
MR     .....                    (no amulet)
Stlth  ++........               (no ring)
                                k - +2 ring of evasion

@: very slightly contaminated, repel missiles, not resistant to hostile
enchantments, unstealthy
A: change form in water, swift swim
a: no special abilities


You were on level 5 of the Dungeon.
You were not hungry.

You visited 1 branch of the dungeon, and saw 5 of its levels.

You collected 321 gold pieces.

Inventory:

Hand Weapons
 a - a +1 spear (weapon)
 e - a +0 dagger
Armour
 h - a +1 helmet (worn)
 o - a +0 robe (worn)
Jewellery
 k - a +2 ring of evasion (left hand)
Scrolls
 g - 3 scrolls of amnesia
 i - 3 scrolls of remove curse
 m - a scroll of recharging
Potions
 d - 2 potions of curing
 f - a potion of ambrosia
 l - a potion of invisibility
 n - 2 potions of brilliance {unknown}
 p - a potion of cancellation {unknown}
 q - a potion of beneficial mutation {unknown}
 s - 2 potions of magic
Books
 b - a book of Air

   Spells                             Type                      Level
   a - Shock                          Conjuration/Air              1
   b - Swiftness                      Charms/Air                   2
   c - Repel Missiles                 Charms/Air                   2
   d - Static Discharge               Conjuration/Air              3
   e - Lightning Bolt                 Conjuration/Air              5
Comestibles
 c - 5 bread rations
 j - 3 chunks of flesh


   Skills:
 - Level 1.3 Fighting
 + Level 3.5 Polearms
 + Level 3.9 Dodging
 - Level 2.1 Stealth
 * Level 4.5 Spellcasting
 + Level 2.4 Conjurations
 + Level 2.1 Charms
 + Level 3.6 Air Magic


You had 7 spell levels left.
You knew the following spells:

 Your Spells              Type           Power        Failure   Level  Hunger
a - Shock                 Conj/Air       ##..         6%          1    None
b - Repel Missiles        Chrm/Air       ##....       10%         2    ##.....
c - Static Discharge      Conj/Air       ##......     14%         3    ###....
d - Swiftness             Chrm/Air       ##......     10%         2    ##.....


Dungeon Overview and Level Annotations

Branches:
Dungeon (5/15)
 Temple: D:4-7

Altars:
Fedhas
Makhleb
Qazlal
Ukayaw

Shops:
D:4 %

Annotations:
D:3 did4411's ghost, amateur TrHu


Message History

Confirm with . or Enter, or press ? or * to list all spells.
Menkaure is struck by lightning.
Menkaure is severely damaged.
The lightning arcs!
You are struck by lightning.
The lightning grounds out.
Menkaure hits you!!
Casting: Static Discharge
Confirm with . or Enter, or press ? or * to list all spells.
You miscast Static Discharge.
You are very lightly contaminated with residual magic.
Nothing appears to happen.
Menkaure hits you!!
* * * LOW HITPOINT WARNING * * *
Drink which item? (? for menu, Esc to quit)
Okay, then.
Casting: Static Discharge
Confirm with . or Enter, or press ? or * to list all spells.
Menkaure is struck by lightning.
You destroy Menkaure!
Your Charms skill increases to level 2!
The lightning arcs!
You are struck by lightning.
You die...

##..# ##...+
#..<.# ######.#.##
..........# .
###.....#....# ..
#....#####.....
#.######..### ####
...#..@..#
......##)## ##..
...###.#).# #....
#.......## #.....
####....# )....l
#....### ......
#......### ......
####.#...#
###......
#.###.####........


There were no monsters in sight!

Vanquished Creatures
  Menkaure (D:5)
  2 scorpions
  A hound (D:4)
  4 orc wizards (D:4)
  An iguana (D:4)
  A worker ant (D:4)
  4 gnolls (D:3)
  7 adders
  2 dart slugs
  5 giant geckos
  8 orcs
  3 ball pythons
  3 giant cockroaches
  7 goblins
  7 hobgoblins
  11 kobolds
  A quokka (D:2)
  A ball python skeleton (D:4)
  8 bats
  A giant gecko zombie (D:3)
  7 giant newts
  2 jackal skeletons (D:4)
  14 rats
101 creatures vanquished.

Notes
Turn   | Place    | Note
--------------------------------------------------------------
     0 | D:1      | AlphabetPasta the Merfolk Air Elementalist began the quest for the Orb.
     0 | D:1      | Reached XP level 1. HP: 13/13 MP: 3/3
   103 | D:1      | Reached skill level 1 in Conjurations
   132 | D:1      | Reached XP level 2. HP: 14/19 MP: 0/5
   136 | D:1      | Learned a level 2 spell: Repel Missiles
   908 | D:1      | Reached XP level 3. HP: 20/24 MP: 1/7
   914 | D:1      | Learned a level 3 spell: Static Discharge
  2075 | D:2      | Reached XP level 4. HP: 30/30 MP: 5/8
  2169 | D:2      | Reached skill level 3 in Spellcasting
  2552 | D:2      | Found a hide-covered altar to Ukayaw.
  2832 | D:3      | Noticed did4411's ghost (amateur TrHu)
  3017 | D:3      | Learned a level 2 spell: Swiftness
  3018 | D:3      | Found a blossoming altar of Fedhas.
  3562 | D:3      | Reached skill level 1 in Fighting
  3562 | D:3      | Reached XP level 5. HP: 32/37 MP: 2/10
  4238 | D:4      | Learned a level 1 spell: Shock
  4362 | D:4      | Reached skill level 1 in Polearms
  4693 | D:4      | Reached XP level 6. HP: 33/43 MP: 0/11
  4892 | D:4      | Found a burning altar of Makhleb.
  5002 | D:4      | Reached skill level 4 in Spellcasting
  5002 | D:4      | Reached skill level 1 in Charms
  5110 | D:4      | Found Fikesot's Food Shoppe.
  5209 | D:4      | Reached XP level 7. HP: 29/48 MP: 0/13
  5606 | D:4      | Found a stormy altar of Qazlal.
  5741 | D:5      | Entered Level 5 of the Dungeon
  5741 | D:5      | Noticed Menkaure
  5993 | D:5      | HP: 1/48 [Menkaure (21)]
  5994 | D:5      | Killed Menkaure
  5994 | D:5      | Killed from afar by themself

Vault maps used:
D:1:      minmay_arrival_jagged, minmay_misc_feat_four_crosses
D:2:      lemuel_doored_altar, minmay_rat_gold_closets
D:3:      lemuel_crystal_altar
D:4:      overflow_temple_1_default, grunt_qazlal_clouds, serial_shops,
          kennysheep_mini, st_stairs_3
D:5:      regret_index_temple_of_mockery, kennysheep_little_box, temple_hall,
          first_bread, uniq_prince_ribbit1, uniq_menkaure

Skill      XL: |  1  2  3  4  5  6  7 |
---------------+----------------------+-----
Conjurations   | 1 2 |  2.4
Dodging        | 3 |  3.9
Spellcasting   | 3 4 |  4.5
Fighting       | 1 |  1.3
Air Magic      | 3 |  3.6
Polearms       | 1 3 |  3.5
Charms         | 1 2 |  2.1
Stealth        | |  2.1

Action                   |  1- 3 |  4- 6 |  7- 9 || total
-------------------------+-------+-------+-------++-------
Melee: Dagger            |    31 |    56 |       ||    87
       Unarmed           |     6 |       |       ||     6
       Spear             |       |    79 |     8 ||    87
 Cast: Shock             |    92 |   102 |     6 ||   200
       Repel Missiles    |     1 |       |       ||     1
       Static Discharge  |     2 |    14 |     5 ||    21
       Swiftness         |       |     1 |       ||     1
  Use: Potion            |       |     3 |       ||     3
       Scroll            |       |    12 |     1 ||    13
 Stab: Sleeping          |       |     1 |     2 ||     3
  Eat: Chunk             |     5 |    10 |     1 ||    16
       Pizza             |       |     1 |       ||     1
       Meat ration       |       |       |     1 ||     1
Armor: Robe              |    16 |    22 |     1 ||    39
Dodge: Dodged            |    60 |    98 |     4 ||   162
